 Dungeon Crawl Stone Soup version 0.32-a0-995-gb4a59205af (webtiles) character file.

Game seed: 13106945721560186407

1703054 Doorstop00 the Conqueror (level 25, 257/257 HPs)
             Began as a Minotaur Fighter on Apr 19, 2024.
             Was a Priest of Okawaru.
             Escaped with the Orb
             ... and 3 runes on Apr 22, 2024!
             The game lasted 07:56:53 (64994 turns).

Doorstop00 the Conqueror (Minotaur Fighter)        Turns: 64994, Time: 07:56:54

Health: 257/257    AC: 44    Str: 29    XL:     25   Next: 83%
Magic:  47/48      EV: 13    Int:  3    God:    Okawaru [***...]
Gold:   249        SH: 25    Dex: 15    Spells: 24/24 levels left

rFire   + + .        P - +4 broad axe "Tif Kapp" {freeze, *Noise rN++ rCorr MP+9}
rCold   + + .        Q - +2 tower shield of Otinuz {Will+ Str+2}
rNeg    + + +        U - +8 gold dragon scales
rPois   +            F - -2 hat of the Alchemist {rElec rPois rF+ rC+ rN+ Will+ rMut rCorr}
rElec   +            Z - +2 cloak of Uvvygiro {Will+ Str+4 Int-4}
rCorr   +            L - +3 pair of gauntlets of War {Slay+5}
SInv    +            n - +2 pair of boots
Will    +++++        g - amulet of Hofywn {+Blink rPois Regen+} Stlth
                     c - ring "Werghisk" {Will+ MP+9 Dex+3 SInv}
HPRegen 1.42/turn    o - ring of willpower
MPRegen 0.31/turn

%: random rage (9%), resist mutation
@: hasted, studying Invocations, very quick
A: horns 2, retaliatory headbutt, berserk 2, clumsy 1, deterioration 1, dopey 1,
low MP 1, weak 1, wild magic 1
0: Orb of Zot
}: 3/15 runes: serpentine, barnacled, silver
a: Renounce Religion, Evoke Blink, Heroism


You escaped.
You worshipped Okawaru.
Okawaru was most pleased with you.
You visited 9 branches of the dungeon, and saw 45 of its levels.
You visited 1 bazaar.
You also visited: Desolation.

You collected 5570 gold pieces.
You spent 5321 gold pieces at shops.

Inventory:

Hand Weapons
 a - the +6 broad axe of Oneal {elec, *Rage rElec rF+ rN+++}
   (You found it in the Desolation of Salt)

   rF+:       It protects you from fire.
   rElec:     It insulates you from electricity.
   rN+++:     It renders you almost immune to negative energy.
   *Rage:     It berserks you when you make melee attacks (+20% chance).
 P - the +4 broad axe "Tif Kapp" (weapon) {freeze, *Noise rN++ rCorr MP+9}
   (Okawaru gifted it to you on level 2 of the Orcish Mines)

   rN++:      It greatly protects you from negative energy.
   MP+9:      It affects your magic capacity (+9).
   *Noise:    It may make a loud noise when swung.
   rCorr:     It protects you from acid and corrosion.
 Y - the +1 eveningstar "Brilliance" {foul flame, Umbra}
   (You took it off an ironbound convoker in the Desolation of Salt)

   Umbra:     It surrounds you with an aura of shadow, increasing your stealth
   and reducing the accuracy of all others within it.
Missiles
 C - 3 silver javelins (quivered)
Armour
 n - a +2 pair of boots (worn)
 F - the -2 hat of the Alchemist (worn) {rElec rPois rF+ rC+ rN+ Will+ rMut rCorr}
   (You bought it in a shop on level 15 of the Dungeon)

   rF+:       It protects you from fire.
   rC+:       It protects you from cold.
   rElec:     It insulates you from electricity.
   rPois:     It protects you from poison.
   rN+:       It protects you from negative energy.
   Will+:     It increases your willpower.
   rCorr:     It protects you from acid and corrosion.
   rMut:      It protects you from mutation.
 L - the +3 pair of gauntlets of War (worn) {Slay+5}
   (You acquired it on level 3 of the Vaults)

   Slay+5:    It affects your accuracy & damage with ranged weapons and melee
   (+5).
 Q - the +2 tower shield of Otinuz (worn) {Will+ Str+2}
   (Okawaru gifted it to you on level 2 of the Orcish Mines)

   Str+2:     It affects your strength (+2).
   Will+:     It increases your willpower.
 U - +8 gold dragon scales (worn)
 Z - the +2 cloak of Uvvygiro (worn) {Will+ Str+4 Int-4}
   (You bought it in a shop on level 5 of the Vaults)

   Str+4:     It affects your strength (+4).
   Int-4:     It affects your intelligence (-4).
   Will+:     It increases your willpower.
Jewellery
 c - the ring "Werghisk" (left hand) {Will+ MP+9 Dex+3 SInv}
   (You acquired it on level 10 of the Dungeon)

   [ring of magical power]

   Dex+3:     It affects your dexterity (+3).
   Will+:     It increases your willpower.
   MP+9:      It affects your magic capacity (+9).
   SInv:      It lets you see invisible.
 g - the amulet of Hofywn (around neck) {+Blink rPois Regen+}
   (You found it on level 5 of the Lair of Beasts)

   [amulet of regeneration]

   rPois:     It protects you from poison.
   +Blink:    It lets you blink.
   Regen+:    It increases your rate of health regeneration.
 o - a ring of willpower (right hand)
 T - the amulet of Vemp {Faith rC+ Int+4}
   (You took it off an ironbound convoker in the Desolation of Salt)

   [amulet of faith]

   Faith:     It allows you to gain divine favour quickly.
   Int+4:     It affects your intelligence (+4).
   rC+:       It protects you from cold.
Wands
 j - a wand of flame (40)
 l - a wand of mindburst (6)
 m - a wand of acid (16)
 w - a wand of polymorph (33)
 B - a wand of digging (7)
 X - a wand of roots (43)
Scrolls
 b - a scroll of enchant weapon
 f - 8 scrolls of immolation
 k - 20 scrolls of teleportation
 p - 5 scrolls of blinking
 q - 2 scrolls of silence
 x - 2 scrolls of vulnerability
 M - 6 scrolls of revelation
 O - 4 scrolls of fog
 S - 4 scrolls of fear
 V - 4 scrolls of poison
Potions
 h - 4 potions of might
 i - 2 potions of invisibility
 r - a potion of ambrosia
 u - 2 potions of cancellation
 v - 8 potions of heal wounds
 z - 12 potions of curing
 D - 4 potions of brilliance
 J - 4 potions of enlightenment
 K - 4 potions of haste
 N - 8 potions of resistance
Miscellaneous
 W - a phial of floods


   Skills:
 O Level 27 Fighting
 * Level 11.6 Long Blades
 - Level 17.8(18.5) Axes
 - Level 8.7(14.3) Maces & Flails
 * Level 23.8 Armour
 * Level 17.4 Dodging
 + Level 1.7 Stealth
 - Level 22.9 Shields
 * Level 17.0 Invocations
 * Level 14.5 Evocations


You had 24 spell levels left.
You didn't know any spells.
Your spell library contained the following spells:

 Spells                   Type           Power      Damage    Failure   Level
 Foxfire                  Conj/Fire      0%         2x1d4     100%        1
 Kiss of Death            Conj/Necr      0%         2d5       100%        1
 Magic Dart               Conj           0%         1d3       100%        1
 Shock                    Conj/Air       0%         1d3       100%        1
 Slow                     Hex            0%         N/A       100%        1
 Sting                    Conj/Alch      0%         1d3       100%        1
 Blink                    Tloc           0%         N/A       100%        2
 Ensorcelled Hibernation  Hex/Ice        0%         N/A       100%        2
 Mercury Vapours          Alch/Air       0%         N/A       100%        2
 Sublimation of Blood     Necr           0%         N/A       100%        2
 Confusing Touch          Hex            0%         N/A       100%        3
 Fugue of the Fallen      Necr           0%         N/A       100%        3
 Hailstorm                Conj/Ice       0%         3d5       100%        3
 Maxwell's Portable Pile  Tloc           0%         2d(5-13)  100%        3
 Passwall                 Erth           0%         N/A       100%        3
 Stone Arrow              Conj/Erth      0%         3d7       100%        3
 Swiftness                Air            0%         N/A       100%        3
 Teleport Other           Tloc           0%         N/A       100%        3
 Vampiric Draining        Necr           0%         2d6       100%        3
 Volatile Blastmotes      Fire/Tloc      0%         2d10      100%        3
 Airstrike                Air            0%         2d(0-16)  100%        4
 Anguish                  Hex/Necr       0%         N/A       100%        4
 Brom's Barrelling Bould  Conj/Erth      0%         2d3       100%        4
 Cause Fear               Hex            0%         N/A       100%        4
 Dispel Undead            Necr           0%         3d6       100%        4
 Flame Wave               Conj/Fire      0%         2d4       100%        4
 Fulminant Prism          Conj/Alch      0%         3d5       100%        4
 Ignite Poison            Fire/Alch      0%         N/A       100%        4
 Iskenderun's Mystic Bla Conj/Tloc 0%             2d3        (+2d1     100%        4
 Leda's Liquefaction      Alch/Erth      0%         N/A       100%        4
 Olgreb's Toxic Radiance  Alch           0%         N/A       100%        4
 Passage of Golubria      Tloc           0%         N/A       100%        4
 Sticky Flame             Fire/Alch      0%         2d4       100%        4
 Alistair's Intoxication  Alch           0%         N/A       100%        5
 Borgnjor's Vile Clutch   Necr/Erth      0%         N/A       100%        5
 Fireball                 Conj/Fire      0%         3d3       100%        5
 Iskenderun's Battlesphe  Conj           0%         2d6       100%        5
 Lee's Rapid Deconstruct  Erth           0%         3d4*      100%        5
 Yara's Violent Unravell  Hex/Alch       0%         3d3       100%        5
 Conjure Ball Lightning   Conj/Air       0%         3x3d6     100%        6
 Dispersal                Tloc           0%         N/A       100%        6
 Eringya's Noxious Bog    Alch           0%         4d6       100%        6
 Gell's Gavotte           Tloc           0%         2d(11-16) 100%        6
 Permafrost Eruption      Ice/Erth       0%         2x4d1     100%        6
 Plasma Beam              Fire/Air       0%         2x1d10    100%        6
 Starburst                Conj/Fire      0%         6d3       100%        6
 Magnavolt                Erth/Air       0%         3d9       100%        7
 Orb of Destruction       Conj           0%         9d5       100%        7
 Discord                  Hex            0%         N/A       100%        8
 Disjunction              Tloc           0%         N/A       100%        8
 Ignition                 Fire           0%         3d3       100%        8
 Lehudib's Crystal Spear  Conj/Erth      0%         10d2      100%        8
 Maxwell's Capacitive Co  Air            0%         ∞         100%        8
 Death's Door             Necr           0%         N/A       100%        9
 Call Imp                 Summ           Unusable   N/A       N/A         2
 Tukima's Dance           Hex            Unusable   N/A       N/A         3
 Animate Armour           Summ/Erth      Unusable   N/A       N/A         4
 Animate Dead             Necr           Unusable   N/A       N/A         4
 Summon Blazeheart Golem  Fire/Summ      Unusable   N/A       N/A         4
 Summon Mana Viper        Hex/Summ       Unusable   N/A       N/A         5
 Death Channel            Necr           Unusable   N/A       N/A         6
 Seismic Cannonade        Alch/Erth      Unusable   6d4       N/A         7
 Summon Hydra             Summ           Unusable   N/A       N/A         7
 Dragon's Call            Summ           Unusable   N/A       N/A         9

Dungeon Overview and Level Annotations

Branches:
Dungeon (15/15)            Temple (1/1) D:7            Lair (5/5) D:8
 Shoals (4/4) Lair:2        Snake (4/4) Lair:3        Slime (0/5) Lair:4
    Orc (2/2) D:12            Elf (0/3) Orc:2        Vaults (5/5) D:13
  Crypt (0/3) Vaults:3     Depths (4/4) D:15            Zot (5/5) Depths:4
Desolation (visited)

Altars:
Ashenzari
Cheibriados
Dithmenos
Elyvilon
Fedhas
Gozag
Hepliaklqana
Kikubaaqudgha
Makhleb
Nemelex Xobeh
Okawaru
Qazlal
Ru
Sif Muna
Trog
Uskayaw
Vehumet
Wu Jian
Xom
Yredelemnul
Zin
The Shining One
Beogh
Jiyva
Lugonu

Shops:
D:4 (   D:5 *[   D:10 !?   D:13 [*   D:15 [*   Orc:1 !   Orc:2 (((*[
Shoals:1 *   Shoals:2 =   Snake:1 :*=(   Snake:2 :=:   Vaults:1 *   Vaults:5 [[
Depths:1 :   Depths:2 !=   Depths:4 *!

Portals:
Hell: Depths:1 Depths:2 Depths:3 Depths:4
Abyss: Depths:2 Depths:3
Pandemonium: Depths:1 Depths:2
Ziggurat: Depths:4

Annotations:
D:4 3 runed translucent doors, araganzar's ghost, amateur DsRe; markshark's ghost, amateur TrFi
D:8 2 transporters, Orlauf's ghost, journeyman DsGl
Lair:4 exclusion: 2 oklob plants
Shoals:2 3 runed translucent doors, Rucifrug's ghost, journeyman FeSh; Yxiroum's ghost, adept CoHu
Snake:1 2 transporters
Orc:1 1 runed translucent door
Depths:1 Roxanne
Depths:3 1 runed translucent door
Zot:4 3 runed translucent doors, Cuhyol's ghost, veteran MfSh


Innate Abilities, Weirdness & Mutations

You have a pair of horns on your head.
You reflexively headbutt those who attack you in melee.
You have an uncontrollable temper.
You are clumsy. (Dex -2)
Your body sometimes deteriorates upon taking damage.
You are dopey. (Int -2)
Your magical capacity is low. (-10% MP)
You are weak. (Str -2)
Your spells are a little harder to cast, but a little more powerful.


Message History

There is a stone staircase leading down here.
A blizzard demon comes into view.
The blizzard demon waves its arms in wide circles.
The air twists around and strikes you!!
There is a stone staircase leading up here.
You feel yourself speed up. The blizzard demon gestures at you.
The bolt of lightning hits you. You resist.
You climb upwards.
Level annotation: 3 runed translucent doors, araganzar's ghost, amateur DsRe; markshark's ghost, amateur TrFi
There is a stone staircase leading down here.
There is an open door here.
You recover from your berserk rage.
There is an escape hatch in the ceiling here.
A mysterious force pulls you upwards. The hatch slams shut behind you.
What level of the Dungeon? (default 5, ? - help)
You see here a jackal skeleton.
Docalill comes into view.
Docalill bleats, "Disclaim thyself, thou feckless weather-bitten cretin!"
You blink.
A neqoxec comes into view.
You feel yourself speed up. Docalill hits you but does no damage.
You feel ready to blink again.
Docalill gestures.
Docalill flickers and vanishes for a moment.
The neqoxec gestures at you. Something gnaws on your mind!
You feel your power leaking away. The neqoxec gestures at you.
Docalill twists and deforms.
There is a stone staircase leading up here.
You climb upwards.
There is a stone staircase leading down here.
There is a stone staircase leading up here.
You climb upwards.
There is a stone staircase leading down here.
You see here a +0 club.
There is a staircase leading out of the dungeon here.
You have escaped!

#.#..#.......#..#..#
###..†..#.........#..##
#...#...#.............#
####.#..####......##.....####
##................####........
####..##.#.....(.....##.##....###
............###.##.....##.....###
#....#.....##.....#............).
.....#....#.....@.##...(....#.##.
#....#.....##.....#........##.##.
............###.##.....##..##....
#.#####.##...........##.##.##..##
#.##....##...........####..##.[##
#.##.##.##..####......##...##....
#.##.......#...#...............##
........##.....#....###.#####..#
..÷....###.#..#...........###..##


There were no monsters in sight!

Vanquished Creatures
  2 dread liches
  4 orbs of fire (Zot:4)
  3 ancient liches
  Mennas (Depths:2)
  Mara (Shoals:4)
  2 juggernauts
  Xtahua (Vaults:3)
  Parghit (Depths:4)
  Boris (Depths:4)
  7 Killer Klowns
  Bai Suzhen (Arena)
  Saint Roka (Vaults:1)
  5 caustic shrikes (Depths:4)
  18 golden dragons
  6 curse toes
  Margery (Vaults:3)
  Norris (Vaults:2)
  Nikola (Vaults:2)
  2 bone dragons
  4 electric golems
  2 hellephants (Depths:4)
  Rupert (Snake:1)
  23 tentacled monstrosities
  4 liches
  Mlioglotl (Snake:3)
  26 Orb Guardians
  A searing wretch (Vaults:2)
  6 titans
  10 quicksilver dragons
  6 sphinxes
  A kraken (Shoals:1)
  19 shadow dragons
  7 death cobs
  Agnes (D:15)
  Aizul (Snake:1)
  Donald (Snake:1)
  10 tengu reavers
  12 storm dragons
  Ilsuiw (Shoals:3)
  17 draconian monks
  6 draconian knights
  6 nagarajas
  6 ghost moths
  6 protean progenitors (Zot:4)
  13 vault wardens
  5 frost giants
  5 draconian shifters
  An iron dragon (Vaults:1)
  2 imperial myrmidons (Desolation)
  9 fire giants
  4 deep elf sorcerers
  7 draconian scorchers
  18 ironbound preservers
  An orc warlord (D:12)
  A juggernaut zombie (Depths:2)
  7 draconian stormcallers
  4 draconian annihilators
  2 spriggan defenders
  2 formless jellyfish
  18 very ugly things
  15 stone giants
  Nessos (D:13)
  11 green draconians
  5 vampire knights
  9 black draconians
  A caustic shrike skeleton (Depths:2)
  8 dire elephants
  2 deep elf death magi
  8 ironbound thunderhulks
  2 war gargoyles (Vaults:4)
  25 purple draconians
  A halazid warlock (Desolation)
  15 red draconians
  15 yellow draconians
  6 spark wasps
  A deep elf annihilator (Vaults:4)
  9 white draconians
  11 ettins
  9 fire dragons
  2 jiangshi
  Josephine (D:13)
  3 merfolk javelineers (Shoals:4)
  An entropy weaver (Vaults:2)
  7 crystal guardians
  6 merfolk impalers
  12 yaktaur captains
  10 ragged hierophants (Desolation)
  2 salamander tyrants (Snake:4)
  4 deep elf high priests
  8 hydras
  9 servants of whispers (Desolation)
  2 rakshasas (Depths:1)
  5 ice dragons
  10 peacekeepers
  A spriggan air mage (Depths:3)
  14 great orbs of eyes
  38 vault guards
  An alligator snapping turtle (Shoals:2)
  5 ironbound frosthearts
  Erica (Lair:2)
  8 ogre magi
  6 centaur warriors
  6 merfolk aquamancers
  A merfolk avatar (Shoals:4)
  11 anacondas
  3 boulder beetles
  3 deep troll shamans
  6 death yaks
  2 satyrs
  4 tengu warriors
  6 deep troll earth magi
  25 two-headed ogres
  8 hell hogs (Depths:4)
  3 occultists (Depths:2)
  A spriggan berserker (Depths:4)
  13 naga warriors
  2 orc high priests (Vaults:2)
  A shock serpent (shapeshifter) (Vaults:5)
  3 shock serpents (Snake:3)
  A soul eater (Depths:2)
  A vampire mage (Depths:1)
  3 hell knights
  A storm dragon zombie (D:15)
  4 sun demons
  11 naga sharpshooters
  3 iron trolls
  7 skysharks
  A goliath frog (Lair:5)
  3 salamander mystics
  A skyshark (shapeshifter) (Vaults:4)
  4 fire crabs (Zot:4)
  44 deep trolls
  7 skeletal warriors
  A glowing orange brain (Vaults:3)
  2 naga ritualists
  A shadow demon (Depths:1)
  4 arcanists
  2 flayed ghosts
  A mana viper (shapeshifter) (Vaults:4)
  An orc knight (Vaults:1)
  13 sea snakes
  A spriggan simulacrum (Depths:2)
  A harpy (shapeshifter) (Vaults:5)
  8 mana vipers
  An eye of devastation (shapeshifter) (Vaults:1)
  5 phantasmal warriors
  21 ironbound convokers
  A lindwurm (Vaults:1)
  A steelbarb worm (shapeshifter) (Depths:4)
  19 harpies
  27 ugly things
  Pikel (D:9)
  3 necromancers
  2 deep elf pyromancers
  2 deep elf zephyrmancers
  7 orc sorcerers
  10 fauns
  2 fauns (shapeshifter)
  24 moths of wrath
  9 manticores
  10 cyclopes
  A shining eye (shapeshifter) (Vaults:4)
  A meliai (shapeshifter) (D:14)
  3 kobold blastminers
  10 salamanders
  3 meliai (D:14)
  19 vault sentinels
  9 guardian serpents
  10 merfolk sirens
  20 black mambas
  A molten gargoyle (Depths:1)
  6 water nymphs
  24 cane toads
  8 naga magi
  3 torpor snails
  2 unseen horrors (D:11)
  2 gargoyles
  An unseen horror (shapeshifter) (Vaults:4)
  19 yaktaurs
  3 rime drakes
  8 komodo dragons
  Psyche (D:7)
  A kobold demonologist (D:10)
  3 tengu conjurers
  An ice devil (Depths:1)
  3 freezing wraiths
  5 harpy zombies (Shoals:2)
  23 merfolk
  8 trolls
  5 tyrant leeches
  21 blink frogs
  3 hornets
  5 polar bears
  11 wind drakes
  A wolf spider simulacrum (D:14)
  3 glass eyes
  67 saltlings (Desolation)
  A glass eye (shapeshifter) (Vaults:5)
  A dream sheep (shapeshifter) (Vaults:4)
  17 dream sheep
  4 snapping turtles
  A culicivora (Vaults:5)
  43 slime creatures
  11 air elementals (Shoals:4)
  2 centaur simulacra (D:14)
  A spriggan zombie (D:15)
  A snapping turtle (shapeshifter) (Vaults:4)
  2 spriggans (Depths:4)
  A ynoxinul (Depths:4)
  8 wraiths
  7 wyverns
  A shadow (D:10)
  12 yaks
  30 water elementals
  A fire elemental (Depths:1)
  A steam dragon (D:8)
  2 wargs (D:12)
  5 redbacks
  22 nagas
  2 swamp worms (shapeshifter)
  19 vampire mosquitoes
  A harpy simulacrum (D:14)
  An acid dragon (D:11)
  Edmund (D:5)
  15 water moccasins
  Duvessa (D:5)
  A human skeleton (Depths:2)
  3 ice beasts
  10 orc warriors
  2 black bears
  4 lemures (D:9)
  10 wolves
  38 ogres
  13 centaurs
  4 kobold brigands
  Blork the orc (D:6)
  18 bullfrogs
  3 gnoll sergeants
  7 wights
  Dowan (D:5)
  16 killer bees
  5 howler monkeys
  2 bombardier beetles
  10 electric eels
  2 jellies
  3 hounds
  12 orc priests
  2 sleepcaps
  Natasha (twice) (D:4)
  An iguana (D:6)
  14 orc wizards
  Ijyb (D:5)
  A hound zombie (D:5)
  2 hound skeletons (D:5)
  A howler monkey skeleton (D:5)
  14 gnolls
  6 adders
  8 river rats (D:6)
  2 white imps (D:7)
  2 ufetubi (D:7)
  4 adder zombies (D:5)
  2 ribbon worms
  2 dart slugs (D:1)
  45 orcs
  12 ball pythons
  9 bats
  A bat zombie (Shoals:2)
  11 endoplasms
  3 giant cockroaches
  7 goblins
  11 hobgoblins
  15 jackals
  12 kobolds
  12 quokkas
  5 frilled lizards
  23 rats
  3 aspiring fleshes (Zot:4)
  2 fire vortices (Zot:3)
  A starspawn tentacle (Snake:3)
  3 tentacles (Shoals:1)
1947 creatures vanquished.

Vanquished Creatures (others)
  A pandemonium lord (Zot:3)
  2 large abominations (Zot:3)
  A water nymph (Shoals:4)
  A neqoxec (Zot:3)
  An orc (Orc:1)
  5 starspawn tentacles (Snake:3)
  7 tentacles (Shoals:1)
18 creatures vanquished.

Grand Total: 1965 creatures vanquished

Notes
Turn   | Place    | Note
-------+----------+-------------------------------------------
     0 | D:1      | Doorstop00 the Minotaur Fighter began the quest for the
                  | Orb.
     0 | D:1      | Reached XP level 1. HP: 19/19 MP: 0/0
   158 | D:1      | Reached skill level 4 in Fighting
   158 | D:1      | Reached XP level 2. HP: 27/27 MP: 1/1
   485 | D:1      | Reached XP level 3. HP: 33/33 MP: 2/2
   766 | D:2      | Found a stormy altar of Qazlal.
   783 | D:2      | Reached skill level 1 in Dodging
   962 | D:2      | Reached XP level 4. HP: 40/41 MP: 3/3
  1546 | D:3      | You fall into a shaft and drop 2 floors!
  1546 | D:5      | Entered Level 5 of the Dungeon
  1552 | D:5      | Noticed an ice beast
  1647 | D:4      | Found a shimmering altar of Xom.
  2442 | D:4      | Found a shimmering altar of Xom.
  2446 | D:4      | Found a shimmering altar of Xom.
  2447 | D:4      | Found a shimmering altar of Xom.
  2447 | D:4      | Found a shimmering altar of Xom.
  2450 | D:4      | Found a shimmering altar of Xom.
  2450 | D:4      | Found a shimmering altar of Xom.
  2456 | D:4      | Reached XP level 5. HP: 42/47 MP: 4/4
  2511 | D:4      | Found Ling's Antique Weapon Shop.
  2521 | D:4      | Noticed Natasha
  2527 | D:4      | Killed Natasha
  2556 | D:4      | Noticed Natasha
  2571 | D:4      | Killed Natasha
  2898 | D:4      | Found a runed translucent gate.
  2899 | D:4      | Found a runed translucent gate.
  2900 | D:4      | Found a runed translucent gate.
  2902 | D:4      | Noticed araganzar's ghost (amateur DsRe)
  2902 | D:4      | Noticed markshark's ghost (amateur TrFi)
  2977 | D:4      | Reached skill level 1 in Evocations
  2977 | D:4      | Reached XP level 6. HP: 53/53 MP: 5/5
  3200 | D:5      | Found Siost's Neck Hole.
  3244 | D:5      | Found Hydofeth's Armour Emporium.
  3248 | D:5      | Reached skill level 5 in Axes
  3275 | D:5      | Found a hazy altar of Hepliaklqana.
  3292 | D:5      | Noticed Duvessa
  3298 | D:5      | Killed Duvessa
  3299 | D:5      | Noticed Dowan
  3307 | D:5      | Killed Dowan
  3308 | D:5      | Reached skill level 5 in Armour
  3330 | D:5      | Noticed Edmund
  3335 | D:5      | Killed Edmund
  3336 | D:5      | Reached skill level 5 in Fighting
  3336 | D:5      | Reached XP level 7. HP: 61/61 MP: 6/6
  3433 | D:5      | Found an ancient bone altar of Kikubaaqudgha.
  3492 | D:5      | Reached skill level 5 in Shields
  3680 | D:5      | Noticed Ijyb
  3688 | D:5      | Killed Ijyb
  3818 | D:6      | Noticed a +0 dagger
  3818 | D:6      | Noticed a +0 hand axe
  3821 | D:6      | Found a hide-covered altar of Uskayaw.
  3830 | D:6      | Reached XP level 8. HP: 69/69 MP: 7/7
  4034 | D:6      | Noticed Blork the orc
  4040 | D:6      | Killed Blork the orc
  4065 | D:6      | Found a shadowy altar of Dithmenos.
  4265 | D:6      | Reached skill level 6 in Fighting
  4638 | D:7      | Reached XP level 9. HP: 75/75 MP: 8/8
  4697 | D:7      | Identified the +6 rapier "Hydrabane" {flame, rF+ Str+3}
  4824 | D:7      | Found a stormy altar of Qazlal.
  4873 | D:7      | Found a staircase to the Ecumenical Temple.
  4881 | Temple   | Entered the Ecumenical Temple
  4966 | Temple   | Became a worshipper of Warmaster Okawaru
  5198 | D:7      | Reached skill level 10 in Axes
  5937 | D:8      | Noticed a two-headed ogre
  5937 | D:8      | Found a sacrificial altar of Ru.
  6023 | D:8      | Noticed Psyche
  6065 | D:7      | Killed Psyche
  6066 | D:7      | Reached skill level 7 in Fighting
  6098 | D:7      | Reached * piety under Okawaru
  6137 | D:8      | Reached skill level 1 in Invocations
  6244 | D:8      | Killed a two-headed ogre
  6244 | D:8      | Reached ** piety under Okawaru
  6245 | D:8      | Reached XP level 10. HP: 86/86 MP: 8/10
  6301 | D:8      | Noticed Orlauf's ghost (journeyman DsGl)
  6469 | D:8      | Found a transporter.
  6474 | D:8      | Found a transporter.
  6540 | D:8      | Found a bloodstained altar of Trog.
  6625 | D:8      | Found a staircase to the Lair.
  6737 | D:9      | Reached skill level 5 in Dodging
  7029 | D:9      | Noticed Pikel
  7037 | D:9      | Killed Pikel
  7212 | D:9      | Reached *** piety under Okawaru
  7255 | D:9      | Reached skill level 8 in Fighting
  7289 | D:9      | Found a snail-covered altar of Cheibriados.
  7599 | D:9      | Found a glowing golden altar of the Shining One.
  7819 | D:10     | Entered Level 10 of the Dungeon
  7842 | D:10     | Noticed a sun demon
  7978 | Lair:1   | Entered Level 1 of the Lair of Beasts
  8047 | Lair:1   | Noticed a cane toad
  8054 | Lair:1   | Killed a cane toad
  8105 | Lair:1   | Noticed a cane toad
  8120 | Lair:1   | Killed a cane toad
  8272 | D:5      | Bought a scarf of resistance for 352 gold pieces
  8512 | Lair:1   | Reached **** piety under Okawaru
  8561 | Lair:1   | Reached XP level 11. HP: 95/95 MP: 12/12
  8580 | Lair:1   | Identified a scroll of acquirement
  8581 | Lair:1   | Acquired a ring of positive energy
  8753 | Lair:1   | Noticed a death yak
  8771 | Lair:1   | Killed a death yak
  8818 | Lair:1   | Reached ***** piety under Okawaru
  8819 | Lair:1   | Reached skill level 9 in Fighting
  9497 | D:4      | Bought a brightly glowing war axe for 263 gold pieces
  9497 | D:4      | Identified the +5 war axe "Ogreslayer" {heavy, rElec Int+4
                  | Dex+3} (You bought it in a shop on level 4 of the Dungeon)
  9696 | Lair:2   | Noticed Erica
  9704 | Lair:2   | Killed Erica
  9872 | Lair:2   | Found a staircase to the Shoals.
  9881 | Lair:2   | Reached skill level 5 in Evocations
 10419 | Lair:3   | Received a gift from Okawaru
 10700 | Lair:3   | Noticed an eight-headed hydra
 10702 | Lair:3   | Reached skill level 10 in Armour
 10709 | Lair:3   | Killed an eight-headed hydra
 10710 | Lair:3   | Reached skill level 10 in Fighting
 10715 | Lair:3   | Reached XP level 12. HP: 10/106 MP: 14/14
 10926 | Lair:2   | Reached skill level 5 in Invocations
 10927 | Lair:2   | Reached skill level 1 in Maces & Flails
 11080 | Lair:2   | Received a gift from Okawaru
 11185 | Lair:3   | Found a staircase to the Snake Pit.
 11665 | Lair:4   | Noticed a five-headed hydra
 11677 | Lair:3   | Killed a five-headed hydra
 11709 | Lair:4   | Found the +1 robe of Vines {NoPotionHeal Regen++++}
 11872 | Lair:4   | Found a staircase to the Slime Pits.
 11873 | Lair:4   | Found a viscous altar of Jiyva.
 11994 | Lair:4   | Noticed a five-headed hydra
 12003 | Lair:4   | Killed a five-headed hydra
 12058 | Lair:4   | Reached skill level 11 in Fighting
 12065 | Lair:4   | Received a gift from Okawaru
 12071 | Lair:4   | Noticed a seven-headed hydra
 12081 | Lair:4   | Killed a seven-headed hydra
 12467 | Lair:4   | Noticed a five-headed hydra
 12478 | Lair:4   | Killed a five-headed hydra
 13001 | D:10     | Found a glowing silver altar of Zin.
 13130 | D:10     | Found a radiant altar of Vehumet.
 13269 | D:10     | Found a burning altar of Makhleb.
 13354 | D:10     | Found Leoduu Vyer's Distillery.
 13388 | D:10     | Bought a potion of heal wounds for 65 gold pieces
 13388 | D:10     | Bought 2 potions of curing for 78 gold pieces
 13447 | D:10     | Reached ****** piety under Okawaru
 13473 | D:10     | Found Seod Osippyi's Magic Scroll Shop.
 13477 | D:10     | Bought a scroll of enchant weapon for 105 gold pieces
 13615 | D:10     | Received a gift from Okawaru
 13802 | D:11     | Reached XP level 13. HP: 98/116 MP: 16/16
 14510 | D:12     | Received a gift from Okawaru
 14601 | D:12     | Reached skill level 10 in Shields
 14602 | D:12     | Found a staircase to the Orcish Mines.
 15194 | Orc:1    | Entered Level 1 of the Orcish Mines
 15194 | Orc:1    | Noticed an orc warlord
 15195 | Orc:1    | Paralysed by an orc sorcerer for 5 turns
 15210 | D:12     | Killed an orc warlord
 15210 | D:12     | Received a gift from Okawaru
 15378 | Orc:2    | Entered Level 2 of the Orcish Mines
 15574 | Orc:1    | Found Deeblir's Distillery.
 15591 | Orc:1    | Bought a potion of heal wounds for 70 gold pieces
 15687 | Orc:1    | Found a roughly hewn altar of Beogh.
 15862 | Orc:1    | Found a runed translucent door.
 15865 | Orc:1    | Noticed a balrug
 15963 | Orc:1    | Reached skill level 1 in Stealth
 16267 | Orc:2    | Reached skill level 15 in Axes
 16270 | Orc:2    | Received a gift from Okawaru
 16282 | Orc:2    | Reached skill level 12 in Fighting
 16282 | Orc:2    | Reached XP level 14. HP: 93/126 MP: 18/18
 16328 | Orc:2    | Paralysed by an ogre mage for 2 turns
 16341 | Orc:2    | Received a gift from Okawaru
 16399 | Orc:2    | Found a staircase to the Elven Halls.
 16401 | Orc:2    | Acquired the +4 broad axe "Tif Kapp" {freeze, *Noise rN++
                  | rCorr MP+9}
 16401 | Orc:2    | Received a gift from Okawaru
 16406 | Orc:2    | Acquired the +2 tower shield of Otinuz {Will+ Str+2}
 16406 | Orc:2    | Received a gift from Okawaru
 16507 | Orc:2    | Found Eschio Pyoq's Antique Weapon Emporium.
 16507 | Orc:2    | Found Niguesh's Weapon Boutique.
 16507 | Orc:2    | Found Etonawn's General Store.
 16507 | Orc:2    | Found Coimiech's Weapon Emporium.
 16858 | Orc:2    | Found Peluolis's Antique Armour Emporium.
 16880 | Orc:2    | Bought a pair of embroidered gloves for 247 gold pieces
 16941 | Orc:2    | Found a burning altar of Makhleb.
 17426 | Lair:5   | Entered Level 5 of the Lair of Beasts
 17568 | Lair:4   | Received a gift from Okawaru
 17732 | Lair:5   | Received a gift from Okawaru
 18339 | Lair:5   | Found a hazy altar of Hepliaklqana.
 18650 | Lair:5   | Identified the amulet of Hofywn {+Blink rPois Regen+}
 19051 | D:5      | Bought a +3 plate armour of willpower for 450 gold pieces
 19254 | Snake:1  | Entered Level 1 of the Snake Pit
 19280 | Snake:1  | Identified the serpent talisman "Xiphium" {rN+ rCorr
                  | Slay-3}
 19280 | Snake:1  | Noticed Aizul
 19292 | Snake:1  | Killed Aizul
 19339 | Snake:1  | Found Pemoleg's Self-Published Books.
 19397 | Snake:1  | Received a gift from Okawaru
 19562 | Snake:1  | Identified the ring of Lerofaon {Wiz Stlth+}
 19657 | Snake:1  | Noticed Donald
 19669 | Snake:1  | Killed Donald
 19778 | Snake:1  | Reached XP level 15. HP: 124/134 MP: 19/19
 19869 | Snake:1  | Noticed Rupert
 19884 | Snake:1  | Killed Rupert
 19917 | Snake:1  | Reached skill level 10 in Dodging
 19930 | Snake:1  | Found a transporter.
 19979 | Snake:1  | Found a transporter.
 20203 | Snake:1  | Found Seklum's Antique Weapon Shop.
 20206 | Snake:1  | Found Hethrunk's Jewellery Boutique.
 20208 | Snake:1  | Found Mydyhul's General Store.
 20223 | Snake:1  | Bought a potion of heal wounds for 70 gold pieces
 20670 | Snake:2  | Received a gift from Okawaru
 20779 | Snake:2  | Found Pirongog's Book Shop.
 20779 | Snake:2  | Found Goritohu's Jewellery Shoppe.
 20781 | Snake:2  | Found Kecarigunku's Book Shop.
 21614 | Snake:3  | Reached skill level 13 in Fighting
 21823 | Snake:3  | Noticed Mlioglotl
 21824 | Snake:3  | Noticed a tentacled starspawn
 21854 | Snake:3  | Killed Mlioglotl
 21943 | Snake:3  | Identified the flux talisman of Forking Paths {rF+ Str+5
                  | Dex-5}
 22085 | Snake:3  | Received a gift from Okawaru
 22224 | Snake:3  | Identified the +5 plate armour of the Ecumenical Temple
                  | {rC+ Regen+ Int-4 Dex+3}
 23196 | Snake:4  | Entered Level 4 of the Snake Pit
 23248 | Snake:4  | Received a gift from Okawaru
 24554 | Snake:4  | Noticed a nagaraja
 24572 | Snake:4  | Killed a nagaraja
 24642 | Snake:4  | Received a gift from Okawaru
 24765 | Snake:4  | Noticed a nagaraja
 24767 | Snake:4  | Noticed a nagaraja
 24768 | Snake:4  | Noticed a nagaraja
 24791 | Arena    | Entered the Arena
 24799 | Arena    | Killed a nagaraja
 25053 | Snake:4  | Killed a nagaraja
 25054 | Snake:4  | Reached XP level 16. HP: 87/145 MP: 13/21
 25282 | Snake:4  | Reached skill level 15 in Shields
 25290 | Snake:4  | Reached skill level 14 in Fighting
 25334 | Snake:4  | Found an iron altar of Okawaru.
 25353 | Snake:4  | Got a serpentine rune of Zot
 25877 | D:13     | Found Puola's Demolitions Depot.
 26174 | D:13     | Received a gift from Okawaru
 26200 | D:13     | Found Gextil's Armour Boutique.
 26408 | D:13     | Noticed Nessos
 26431 | D:13     | Killed Nessos
 26452 | D:13     | Found a gate to the Vaults.
 26541 | D:13     | Noticed Josephine
 26548 | D:13     | Killed Josephine
 27353 | D:14     | Received a gift from Okawaru
 27354 | D:14     | Reached skill level 15 in Armour
 27689 | D:14     | Found an opulent altar of Gozag.
 27758 | D:15     | Entered Level 15 of the Dungeon
 27758 | D:15     | Found Raf Zygh's Antique Armour Emporium.
 27970 | D:15     | Noticed Agnes
 27981 | D:15     | Killed Agnes
 28021 | D:15     | Found Jyesoonk's Assorted Antiques.
 28198 | D:15     | Received a gift from Okawaru
 28384 | D:15     | Identified the +2 helmet of Tiovea {MP+9 SInv}
 28434 | D:15     | Found a staircase to the Depths.
 28472 | D:14     | Reached XP level 17. HP: 106/154 MP: 23/23
 29161 | Shoals:1 | Entered Level 1 of the Shoals
 29296 | Shoals:1 | Received a gift from Okawaru
 29339 | Shoals:1 | Reached skill level 15 in Fighting
 29438 | Shoals:1 | Found Jyequkk's Assorted Antiques.
 29497 | Shoals:1 | Noticed a kraken
 29514 | Shoals:1 | Killed a kraken
 29908 | Shoals:2 | Received a gift from Okawaru
 29976 | Shoals:2 | Identified the +5 ring mail of the Guilds {+Blink rElec
                  | rC+}
 30066 | Shoals:2 | Found a runed translucent gate.
 30067 | Shoals:2 | Found a runed translucent gate.
 30068 | Shoals:2 | Found a runed translucent gate.
 30072 | Shoals:2 | Found Zihaujue's Jewellery Boutique.
 30074 | Shoals:2 | Noticed Yxiroum's ghost (adept CoHu)
 30074 | Shoals:2 | Noticed Rucifrug's ghost (journeyman FeSh)
 30526 | Shoals:3 | Noticed Bai Suzhen
 30537 | Arena    | Entered the Arena
 30557 | Arena    | Killed Bai Suzhen
 30682 | Shoals:3 | Noticed Ilsuiw
 30722 | Shoals:3 | Received a gift from Okawaru
 30792 | Shoals:3 | Killed Ilsuiw
 30970 | Shoals:3 | Acquired the ring of Impatience {rElec Dex+6}
 31051 | Shoals:3 | Reached skill level 10 in Invocations
 31451 | Shoals:4 | Entered Level 4 of the Shoals
 31451 | Shoals:4 | Found a blossoming altar of Fedhas.
 31459 | Shoals:4 | Noticed Mara
 31469 | Shoals:4 | Killed Mara
 31487 | Shoals:4 | Received a gift from Okawaru
 31541 | Shoals:4 | Paralysed by an air elemental for 1 turns
 31544 | Shoals:4 | Paralysed by an air elemental for 1 turns
 31920 | Shoals:4 | Reached XP level 18. HP: 153/166 MP: 24/24
 31926 | Shoals:4 | Reached skill level 16 in Fighting
 32021 | Shoals:4 | Paralysed by an air elemental for 1 turns
 32054 | Shoals:4 | Paralysed by an air elemental for 1 turns
 32058 | Shoals:4 | Found a stormy altar of Qazlal.
 32120 | Shoals:4 | Reached skill level 10 in Evocations
 32142 | Shoals:4 | Paralysed by an air elemental for 1 turns
 32146 | Shoals:4 | Paralysed by an air elemental for 1 turns
 32386 | Shoals:4 | Received a gift from Okawaru
 32785 | Shoals:4 | Got a barnacled rune of Zot
 32927 | Lair:2   | Upgraded the game from 0.32-a0-975-g85d4e5bfdb to
                  | 0.32-a0-986-ga09f62fbf4
 33183 | Vaults:1 | Entered Level 1 of the Vaults
 33681 | Vaults:1 | Received a gift from Okawaru
 33932 | Vaults:1 | Found a crumbling gateway.
 33943 | Desolati | Entered the Desolation of Salt
 34028 | Desolati | Received a gift from Okawaru
 34158 | Desolati | Identified the amulet of Vemp {Faith rC+ Int+4}
 34191 | Desolati | Reached skill level 17 in Fighting
 34232 | Desolati | Got the Directory of Confrontation and the Swarm
 34236 | Desolati | Got the Octavo of Roasted Caskets
 34296 | Desolati | Identified the ring of Ikhlip {AC+4 Str+4 Slay+4}
 34303 | Desolati | Upgraded the game from 0.32-a0-986-ga09f62fbf4 to
                  | 0.32-a0-995-gb4a59205af
 34437 | Desolati | Identified the ring "Togukywn" {Str+3 Dex+6}
 34465 | Desolati | Got the Encyclopedia of Fever
 34489 | Desolati | Identified the +1 quarterstaff of Paper {drain, Str+3
                  | Dex+4}
 34500 | Desolati | Identified the ring of the Camelopard {rElec rCorr AC+4}
 34622 | Desolati | Received a gift from Okawaru
 34653 | Desolati | Identified the +9 mace "Jahueq" {flame, Int+4}
 34874 | Desolati | Reached XP level 19. HP: 161/177 MP: 26/26
 34899 | Desolati | Identified the +6 broad axe of Oneal {elec, *Rage rElec rF+
                  | rN+++}
 34904 | Desolati | Identified the +8 spear "Worm" {protect, ^Drain Int+4}
 36524 | Vaults:1 | Received a gift from Okawaru
 37362 | Vaults:1 | Found Lausmice's Spherical Supermarket.
 37368 | Vaults:1 | Reached skill level 18 in Fighting
 37434 | Vaults:1 | Received a gift from Okawaru
 37621 | Vaults:2 | Reached skill level 5 in Maces & Flails
 37667 | Vaults:2 | Noticed Saint Roka
 37783 | Vaults:1 | Killed Saint Roka
 37878 | Vaults:2 | Noticed Norris
 37906 | Vaults:2 | Killed Norris
 39186 | Vaults:2 | Noticed Nikola
 39211 | Vaults:2 | Killed Nikola
 39226 | Vaults:2 | Received a gift from Okawaru
 39576 | Vaults:3 | Noticed a bone dragon
 39592 | Vaults:3 | Killed a bone dragon
 39664 | Vaults:3 | Found a staircase to the Crypt.
 39741 | Vaults:3 | Noticed Xtahua
 39756 | Vaults:3 | Killed Xtahua
 39756 | Vaults:3 | Received a gift from Okawaru
 39857 | Vaults:3 | Reached skill level 19 in Fighting
 39910 | Vaults:3 | Noticed Margery
 40057 | Vaults:3 | Killed Margery
 40058 | Vaults:3 | Reached XP level 20. HP: 163/191 MP: 27/27
 40331 | Vaults:3 | Received a gift from Okawaru
 40883 | Vaults:3 | Acquired the +3 pair of gauntlets of War {Slay+5}
 40883 | Vaults:3 | Found the +3 pair of gauntlets of War {Slay+5}
 41468 | Vaults:4 | Received a gift from Okawaru
 41481 | Vaults:4 | Identified the +0 leather armour of Ijiutzyr {+Blink}
 41500 | Vaults:4 | Paralysed by a formless jellyfish for 1 turns
 41889 | Vaults:4 | Reached skill level 20 in Fighting
 42616 | D:10     | Bought a scroll of acquirement for 728 gold pieces
 42616 | D:10     | Acquired the ring "Werghisk" {Will+ MP+9 Dex+3 SInv}
 42724 | Depths:1 | Entered Level 1 of the Depths
 43036 | Depths:1 | Found Cakhlufao's One-of-a-Kind Books.
 43060 | Depths:1 | Noticed Roxanne
 43144 | Depths:1 | Found a one-way gate leading to the halls of Pandemonium.
 43552 | Depths:1 | Found a gateway to Hell.
 43801 | Depths:2 | Received a gift from Okawaru
 43822 | Depths:2 | Found Miuvaar's Jewellery Boutique.
 43824 | Depths:2 | Found Heecuer's Distillery.
 43834 | Depths:2 | Bought a potion of heal wounds for 105 gold pieces
 43930 | Depths:2 | Noticed a juggernaut
 43938 | Depths:2 | Killed a juggernaut
 44044 | Depths:2 | Noticed a golden dragon
 44050 | Depths:2 | Reached XP level 21. HP: 198/202 MP: 29/29
 44061 | Depths:2 | Killed a golden dragon
 44581 | Depths:2 | Found a one-way gate to the infinite horrors of the Abyss.
 44585 | Depths:2 | Reached skill level 21 in Fighting
 44640 | Depths:2 | Found a flickering gateway to a bazaar.
 44647 | Bazaar   | Entered a bazaar
 44654 | Bazaar   | Found Cikanat's Weapon Shop.
 44668 | Bazaar   | Found Kaguuth's Antique Armour Boutique.
 44676 | Bazaar   | Bought a slimy plate armour for 392 gold pieces
 44676 | Bazaar   | Identified the +7 plate armour "Back" {rN+ rCorr} (You
                  | bought it in a shop in a bazaar)
 44706 | Bazaar   | Found Enoet's Assorted Antiques.
 44720 | Bazaar   | Found Jysac's Jewellery Shop.
 44748 | Bazaar   | Found Ichanib's Antique Armour Shop.
 44850 | Bazaar   | Bought a pair of embroidered gloves for 105 gold pieces
 44850 | Bazaar   | Bought a pair of embroidered gloves for 105 gold pieces
 45300 | Depths:3 | Noticed Mennas
 45452 | Depths:2 | Killed Mennas
 45595 | Depths:3 | Found a corrupted altar of Lugonu.
 45655 | Depths:3 | Reached skill level 1 in Long Blades
 45750 | Depths:3 | Noticed a golden dragon
 45769 | Depths:3 | Killed a golden dragon
 45906 | Depths:3 | Received a gift from Okawaru
 45926 | Depths:3 | Noticed a golden dragon
 45943 | Depths:3 | Killed a golden dragon
 46023 | Depths:3 | Found a runed translucent door.
 46027 | Depths:3 | Found a runed translucent door.
 46029 | Depths:3 | Identified the amulet of Keatozole {rC++ RegenMP+ Int-2
                  | Dex+2}
 46496 | Depths:4 | Entered Level 4 of the Depths
 46683 | Depths:4 | Noticed a juggernaut
 46696 | Depths:4 | Killed a juggernaut
 46740 | Depths:4 | Found a one-way gateway to a ziggurat.
 46844 | Depths:4 | Noticed Parghit
 46866 | Depths:4 | Killed Parghit
 47132 | Depths:4 | Noticed a caustic shrike
 47132 | Depths:4 | Noticed a caustic shrike
 47132 | Depths:4 | Noticed a caustic shrike
 47132 | Depths:4 | Noticed a caustic shrike
 47132 | Depths:4 | Noticed a caustic shrike
 47146 | Depths:4 | Killed a caustic shrike
 47157 | Depths:4 | Killed a caustic shrike
 47165 | Depths:4 | Killed a caustic shrike
 47182 | Depths:4 | Killed a caustic shrike
 47203 | Depths:4 | Killed a caustic shrike
 47395 | Depths:4 | Found Juixkirr's Distillery.
 47395 | Depths:4 | Found Hezoboth's General Store.
 47442 | Depths:4 | Reached XP level 22. HP: 204/215 MP: 30/30
 47450 | Depths:4 | Reached skill level 22 in Fighting
 47499 | Depths:4 | Bought 2 potions of cancellation for 192 gold pieces
 47591 | Depths:4 | Identified the +3 robe "Peoggoa" {Fly Str+3}
 47591 | Depths:4 | Noticed Boris
 47618 | Depths:4 | Killed Boris
 48021 | Depths:4 | Reached skill level 5 in Long Blades
 48332 | Depths:4 | Found a gate to the Realm of Zot.
 48798 | Vaults:5 | Entered Level 5 of the Vaults
 48841 | Vaults:4 | Reached skill level 15 in Dodging
 48950 | Vaults:4 | Gained mutation: You sometimes lose your temper in combat.
                  | [a shining eye]
 49222 | Vaults:5 | Noticed a golden dragon
 49522 | Vaults:4 | Killed a golden dragon
 49758 | Vaults:5 | Noticed a dread lich
 49784 | Vaults:4 | Killed a dread lich
 49785 | Vaults:4 | Reached skill level 23 in Fighting
 50101 | Vaults:5 | Noticed a golden dragon
 50142 | Vaults:4 | Killed a golden dragon
 50581 | Vaults:5 | Noticed a golden dragon
 50589 | Vaults:5 | Killed a golden dragon
 50604 | Vaults:5 | Reached XP level 23. HP: 138/227 MP: 32/32
 50621 | Vaults:5 | Got a silver rune of Zot
 50871 | Vaults:5 | Found the +6 arbalest "Damnation" {damnation}
 50871 | Vaults:5 | Found the +3 crown of Dyrovepreva {rElec Int+2 SInv}
 51187 | Vaults:5 | Identified the +5 plate armour of the Beastly Merwolf
                  | {Rampage rC+ Int+2 Dex+3}
 51564 | Vaults:5 | Found Ilounn's Antique Armour Boutique.
 51567 | Vaults:5 | Identified the +0 pair of boots "Beedao" {Dex+3}
 51630 | Vaults:5 | Found Doqul's Antique Armour Boutique.
 51710 | Vaults:5 | Reached skill level 24 in Fighting
 51716 | Vaults:5 | Bought an ichor-stained cloak for 484 gold pieces
 51716 | Vaults:5 | Identified the +2 cloak of Uvvygiro {Will+ Str+4 Int-4}
                  | (You bought it in a shop on level 5 of the Vaults)
 52388 | Zot:1    | Entered Level 1 of the Realm of Zot
 52901 | Zot:1    | Noticed a Killer Klown
 52928 | Zot:1    | Noticed a Killer Klown
 52938 | Zot:1    | Killed a Killer Klown
 52947 | Zot:1    | Killed a Killer Klown
 53363 | Zot:1    | Noticed a Killer Klown
 53380 | Zot:1    | Killed a Killer Klown
 54271 | Zot:1    | Reached skill level 25 in Fighting
 54791 | Zot:2    | Identified the +8 dagger of Pethri {flame, rF+ rC- Will+
                  | Int+2}
 54804 | Zot:2    | Reached XP level 24. HP: 198/243 MP: 32/32
 56603 | Zot:3    | Reached skill level 26 in Fighting
 56817 | Zot:3    | Found a stormy altar of Qazlal.
 56865 | Zot:3    | Got the Vellum of the Zealot
 57827 | Zot:4    | Found a runed translucent gate.
 57827 | Zot:4    | Found a runed translucent gate.
 57827 | Zot:4    | Found a runed translucent gate.
 57827 | Zot:4    | Noticed Cuhyol's ghost (veteran MfSh)
 58307 | Zot:4    | Reached skill level 10 in Long Blades
 58839 | Zot:4    | Reached skill level 15 in Invocations
 58858 | Zot:4    | Reached skill level 27 in Fighting
 59631 | Zot:4    | Reached XP level 25. HP: 201/257 MP: 20/33
 59657 | Zot:4    | Got the Compilation of Virulent Resurrection
 59730 | Zot:4    | Identified the amulet of Beppuixt {RegenMP+ Slay+6}
 60665 | D:15     | Bought the -2 hat of the Alchemist {rElec rPois rF+ rC+ rN+
                  | Will+ rMut rCorr} for 1510 gold pieces
 60665 | D:15     | Found the -2 hat of the Alchemist {rElec rPois rF+ rC+ rN+
                  | Will+ rMut rCorr}
 61410 | Zot:5    | Entered Level 5 of the Realm of Zot
 62344 | Zot:5    | Noticed an orb of fire
 62345 | Zot:5    | Noticed an orb of fire
 62346 | Zot:5    | Noticed an orb of fire
 62347 | Zot:5    | Noticed an orb of fire
 62349 | Zot:5    | Noticed a Killer Klown
 62350 | Zot:5    | Noticed a Killer Klown
 62363 | Zot:5    | Gained mutation: You are dopey. (Int -2) [an orb of fire]
 62688 | Zot:5    | Gained mutation: Your spells are a little harder to cast,
                  | but a little more powerful. [an orb of fire]
 62699 | Zot:4    | Killed an orb of fire
 62747 | Zot:5    | Gained mutation: Your magical capacity is low. (-10% MP)
                  | [an orb of fire]
 62761 | Zot:4    | Killed an orb of fire
 62839 | Zot:4    | Gained mutation: You are clumsy. (Dex -2) [an orb of fire]
 62847 | Zot:4    | Gained mutation: Your body sometimes deteriorates upon
                  | taking damage. [an orb of fire]
 62851 | Zot:4    | Killed an orb of fire
 62898 | Zot:4    | Gained mutation: You are weak. (Str -2) [an orb of fire]
 62899 | Zot:4    | Gained mutation: You have an uncontrollable temper. [an orb
                  | of fire]
 62910 | Zot:4    | Killed an orb of fire
 63013 | Zot:4    | Killed a Killer Klown
 63112 | Zot:4    | Killed a Killer Klown
 63220 | Zot:5    | Noticed a Killer Klown
 63221 | Zot:5    | Noticed an ancient lich
 63224 | Zot:5    | Noticed a dread lich
 63246 | Zot:4    | Killed a dread lich
 63294 | Zot:4    | Killed an ancient lich
 63365 | Zot:5    | Killed a Killer Klown
 63566 | Zot:5    | Noticed an ancient lich
 63575 | Zot:5    | Killed an ancient lich
 63728 | Zot:5    | Noticed an ancient lich
 63737 | Zot:5    | Killed an ancient lich
 64045 | Zot:5    | Noticed a Killer Klown
 64060 | Zot:5    | Killed a Killer Klown
 64427 | Zot:5    | Got the Orb of Zot
 64551 | Zot:3    | Noticed Ceca the pandemonium lord
 64559 | Zot:3    | Killed Ceca the pandemonium lord
 64944 | D:3      | Noticed Docalill the pandemonium lord
 64994 | D:$      | Escaped with the Orb!

Illustrated notes

Levels and vault maps discovered:
D:1:      erik_arrival_blinker_ship, layout_loops_cross,
          minmay_misc_feat_enclosed
D:2:      minmay_chambers_of_twos, layout_basic, basic_altar
D:3:      layout_loops_ring, grunt_ministairs_5, nicolae_eternal_life,
          minmay_hedge_maze, due_unseen_surprise
D:4:      layout_loops_corners, nicolae_xom_altar_mimics,
          gammafunk_ghost_cemetery, serial_shops, nicolae_shop_gibbet_a_chance,
          hangedman_abyss_or_decor_slice, uniq_natasha
D:5:      layout_cave_pools, nicolae_kikubaaqudgha_miasma_corner,
          mainiacjoe_overflow_paths, mainiacjoe_ossuary_entry_find_the_door,
          nicolae_stop_n_shop_1, nicolae_shop_sticking_my_neck_out, uniq_edmund,
          uniq_duvessa, uniq_ijyb
D:6:      lemuel_ratsnest, layout_basic, mainiacjoe_overflow_boulevard,
          dancing_weapons_uskayaw, uniq_blork_the_orc
D:7:      layout_layer_cave, mainiacjoe_overflow_small_starburst,
          minmay_temple_entry_steel_oval
D:8:      layout_rooms, lightli_temple_of_fire, mainiacjoe_overflow_catwalk,
          lair_entry_dummy, gammafunk_ghost_hive, uniq_psyche
D:9:      layout_loops_corners, kennysheep_mini_moat,
          nicolae_tso_swordbearing_angel,
          hangedman_abyss_or_decor_jellyfish_corner, uniq_pikel
D:10:     layout_cave_pools, mainiacjoe_overflow_alcove_2,
          vehumet_altar_wand_db, mainiacjoe_overflow_six_doors_small,
          serial_shops, nicolae_shop_rolled_up, shop, enter_bailey_2,
          nicolae_figureground_pulse
D:11:     layout_long_grid, grunt_ministairs_15
D:12:     layout_basic, orc_0_dummy
D:13:     layout_basic, erik_vaults_2, serial_shops, nicolae_diamond_shop,
          nicolae_blasting_shop, uniq_josephine, uniq_nessos
D:14:     layout_roguey, bh_walls_and_bars, grunt_gozag_breadcrumbs
D:15:     gammafunk_depths_entry_grave, layout_basic, serial_shops,
          nicolae_shop_hallway_stairs, minmay_shop_grid_forest,
          chequers_serial_rivers_micro_e, uniq_agnes
Temple:   chequers_temple_sunken
Lair:1:   layout_loops_ring, grunt_forest_large_clearing_hut,
          grunt_megastairs_5, serial_bayou_shore_a, infiniplex_staircase_pool_2,
          lemuel_fruit_tree
Lair:2:   layout_gridlike, elwin_shoals_entry_rooms, lemuel_fruit_fields,
          uniq_erica
Lair:3:   layout_cave_pods, guppyfry_snake_entry_garden
Lair:4:   layout_cellular_growth, slime_entry_1, hellmonk_guarded_unrand_vines
Lair:5:   minmay_lair_end_frog_pond, layout_regular_city, basic_altar
Shoals:1: layout_shoals, serial_shops, shop
Shoals:2: layout_shoals, gammafunk_ghost_cemetery, serial_shops,
          nicolae_shop_tiny_waterfront, nicolae_shoals_undead_eyrie
Shoals:3: layout_shoals, uniq_ilsuiw, uniq_bai_suzhen
Shoals:4: shoals_end_hellmonk_storm_palace [storm_palace_center_square,
          storm_palace_corner_blocked, storm_palace_corner_altar,
          storm_palace_corner_pillars, storm_palace_corner_altar], uniq_mara
Snake:1:  gammafunk_the_bubble [the_bubble_gammafunk_plus_minus],
          layout_cave_pods, nicolae_custom_books, minmay_shop_star, uniq_rupert,
          uniq_donald, uniq_aizul
Snake:2:  layout_chambers, minmay_shop_grove
Snake:3:  layout_layer_cave, nicolae_coiled_stairwell_up, uniq_mlioglotl
Snake:4:  grunt_snake_rune_serpentine_throne, layout_onion_interference,
          nicolae_snake_gridmaze_waves
Orc:1:    dreamdust_dug_too_deep, layout_caves, basic_altar, serial_shops,
          nicolae_shop_tiny_waterfront, nicolae_orc_quarried_blocks
Orc:2:    st_orc_ogre_mass, layout_caves, serial_shops, shop, bloody_makhleb
Vaults:1: portal_desolation_entry_ruin, nicolae_vaults_network_star,
          hangedman_vaults_snaps, dpeg_vaults_monster_row,
          nicolae_vaults_sightless_eye, v_misc_4, hangedman_vaults_nails,
          tekkud_shop_of_orbs, nicolae_vaults_house_2, vaults_dpeg_ring,
          nicolae_vaults_octothorpe, ontoclasm_vaults_pinch,
          layout_vaults_chaotic_city
Vaults:2: nicolae_vaults_ninety_degrees, nicolae_vaults_prndl,
          vaults_standard_mumra_enter_the_diamond, nicolae_vaults_tangram_1,
          hangedman_vaults_locks, grunt_vaults_hallway_short, vaults_room_pools,
          nicolae_vaults_tetromino_Z_1, nicolae_vaults_tetromino_Z_1,
          layout_vaults_omnigrid, uniq_saint_roka, uniq_norris, uniq_nikola
Vaults:3: nicolae_vaults_surprise_closet, minmay_crypt_entry_nasty_monster,
          nicolae_vaults_tetromino_T_1, nicolae_vaults_turnstiles,
          nicolae_vaults_closet_pinwheel_2,
          nicolae_vaults_shipping_containers_4, v_rooms_5, v_pattern_2,
          ontoclasm_vaults_ligature, nicolae_vaults_house_1,
          nicolae_vaults_trapezoid_lopsided_3, v_misc_3,
          nicolae_vaults_double_plus_1, layout_vaults_ring, uniq_xtahua,
          uniq_margery
Vaults:4: nicolae_vaults_diamond_2, nicolae_vaults_corridor_and_loot_room,
          v_misc_25, grunt_vaults_funnel, nicolae_vaults_storage_room_doors,
          nicolae_vaults_diamond_2, vaults_room_stairs_pillars,
          nicolae_vaults_lightning_bolt, nicolae_vaults_puzzle_piece,
          nicolae_vaults_door_testing_chamber, nicolae_vaults_tetromino_T_2,
          layout_vaults_omnibox
Vaults:5
Depths:1: layout_cave_pools, grunt_hell_entry_dis_mu, kennysheep_flooded_box,
          rand_demon_pan_entry_5, grunt_ministairs_2, nicolae_rare_books,
          chequers_serial_rivers_micro_b, minmay_tree_intersection,
          dpeg_stationary_puzzle
Depths:2: nicolae_hexawheel, layout_cave_shapes, serial_shops, bzr_entry_road,
          shop, shop, rand_demon_pan_entry_9, hell_entry,
          nicolae_abyss_entry_one_way_or_another, minmay_misc_feat_chi,
          kennysheep_path_1
Depths:3: minmay_the_grid_triangle_9x9_line_8_mashed
          [minmay_the_grid_triangle_9x9_from_above,
          minmay_the_grid_triangle_9x9_checkered,
          minmay_the_grid_triangle_9x9_longest,
          minmay_the_grid_triangle_9x9_zippers_vertical,
          minmay_the_grid_triangle_9x9_stretched_checkered,
          minmay_the_grid_triangle_9x9_tough_junction,
          minmay_the_grid_triangle_9x9_descending_squares,
          minmay_the_grid_triangle_9x9_prize_insulated], layout_cave_pools,
          pf_coc_iceberg, chequers_serial_rivers_micro_d,
          abyss_entry_flame_altar, uniq_josephina, uniq_mennas
Depths:4: evilmike_zot_entry_diamond, layout_gridlike, enter_ziggurat_c,
          grunt_hell_horde, minmay_shoptagon, uniq_boris, uniq_parghit
Zot:1:    cheibrodos_zot_enchanting_chambers, layout_gridlike
Zot:2:    layout_gridville, regret_index_zotdec_split_disrupt
Zot:3:    nicolae_zot_draconian_monastery, layout_cellular_growth,
          grunt_ministairs_3, regret_index_zotdec_tunneler
Zot:4:    regret_index_all_hallows'_manor, layout_misc_corridors,
          ebering_ghost_rock_garden, bh_zot_ikea_curve
Zot:5:    layout_twisted_circle

Skill      XL: |  1  2  3  4  5  6  7  8  9 10 11 12 13 14 15 16 17 18 19 20 21 22 23 24 25 |
---------------+----------------------------------------------------------------------------+-----
Fighting       | 4 5 6 7 8 10 11 12 13 14 15 17 19 20 21 23 25 27 | 27.0
Shields        | 4 5 6 7 8 9 10 12 14 16 18 19 20 21 22 | 22.9
Armour         | 4 5 6 8 9 10 12 13 14 15 16 17 18 19 20 21 23 | 23.8
Dodging        | 1 2 3 4 5 7 8 9 10 11 12 13 14 15 16 17 | 17.4
Axes           | 3 4 6 7 9 10 12 13 15 16 17 | 17.8
Evocations     | 1 2 3 4 5 6 7 8 9 10 11 12 13 14 | 14.5
Invocations    | 1 3 4 6 7 8 9 10 11 12 13 14 15 17 | 17.0
Maces & Flails | 3 4 6 8 |  8.7
Stealth        | 1 |  1.7
Long Blades    | 4 6 8 10 11 | 11.6

Action                     |  1- 3 |  4- 6 |  7- 9 | 10-12 | 13-15 | 16-18 | 19-21 | 22-24 | 25-27 || total
---------------------------+-------+-------+-------+-------+-------+-------+-------+-------+-------++-------
  Melee: War axe           |    88 |   150 |   287 |   447 |   599 |   669 |       |       |       ||  2240
         Headbutt          |    15 |    21 |    43 |    97 |   183 |   384 |   481 |   617 |   114 ||  1955
         Unarmed           |       |     6 |     8 |       |       |       |       |       |       ||    14
         Morningstar       |       |       |       |    48 |    52 |       |       |       |       ||   100
         Broad axe         |       |       |       |       |   184 |   823 |  1353 |  1638 |   322 ||  4320
         Eveningstar       |       |       |       |       |       |       |    33 |       |       ||    33
 Invoke: Heroism           |       |       |       |     2 |     9 |     9 |    25 |    50 |    12 ||   107
         Finesse           |       |       |       |       |     4 |     5 |    12 |    16 |     3 ||    40
         Receive Weapon    |       |       |       |       |     1 |       |       |       |       ||     1
         Receive Armour    |       |       |       |       |     1 |       |       |       |       ||     1
         Duel              |       |       |       |       |     1 |     1 |       |       |       ||     2
Ability: Evoke Blink       |       |       |       |       |     2 |     1 |       |       |     3 ||     6
  Evoke: Wand              |       |       |     6 |       |    15 |    12 |       |     5 |     2 ||    40
         Phial of floods   |       |       |       |       |       |       |       |       |     1 ||     1
    Use: Scroll            |     2 |     2 |     7 |    13 |     7 |     1 |     2 |     3 |       ||    37
         Potion            |       |     1 |       |     3 |     6 |       |       |     1 |     2 ||    13
   Stab: Invisible         |       |       |       |     1 |       |       |       |       |       ||     1
 Armour: Chain mail        |    72 |   115 |   150 |    13 |       |       |       |       |       ||   350
         Skin              |       |     1 |     3 |       |       |       |       |       |       ||     4
         Plate armour      |       |       |       |   342 |   609 |   725 |   542 |       |       ||  2218
         Gold dragon scale |       |       |       |       |       |       |    62 |  1256 |   209 ||  1527
  Dodge: Dodged            |    37 |    69 |   216 |   483 |   387 |   585 |   270 |   497 |    79 ||  2623
  Block: Buckler           |    25 |    27 |    66 |   166 |       |       |       |       |       ||   284
         Kite shield       |       |       |       |    41 |   146 |       |       |       |       ||   187
         Tower shield      |       |       |       |       |   718 |  1920 |  1242 |  2093 |   380 ||  6353

Table legend: (Time is in decaauts)
 A = Elapsed time spent in this place.
 B = Non-inter-level travel time spent in this place.
 C = Inter-level travel time spent in this place.
 D = Time resting spent in this place.
 E = Time spent auto-exploring this place.
 F = Levels seen in this place.
 G = Mean time per level.
                   A        B        C        D        E       F      G
               +--------+--------+--------+--------+--------+-----+--------+
         Total |  65365 |  56493 |   8872 |   8470 |  19807 |  49 | 1334.0 |
       Dungeon |  17354 |  13116 |   4238 |    885 |   8085 |  15 | 1156.9 |
        Temple |    124 |    102 |     22 |      0 |      0 |   1 |  124.0 |
          Lair |   7837 |   6169 |   1668 |    828 |   2626 |   5 | 1567.4 |
        Shoals |   4021 |   3705 |    316 |    182 |   1267 |   4 | 1005.2 |
     Snake Pit |   6288 |   5673 |    615 |    628 |   2518 |   4 | 1572.0 |
  Orcish Mines |   1849 |   1791 |     58 |     19 |    824 |   2 |  924.5 |
        Vaults |   9722 |   9050 |    672 |   1825 |   1977 |   5 | 1944.4 |
        Depths |   5700 |   5043 |    657 |    806 |   1533 |   4 | 1425.0 |
           Zot |  10984 |  10361 |    623 |   3183 |    727 |   5 | 2196.8 |
        Bazaar |    312 |    312 |      0 |      0 |      0 |   1 |  312.0 |
    Desolation |   1101 |   1101 |      0 |     70 |    250 |   1 | 1101.0 |
         Arena |     66 |     66 |      0 |     41 |      0 |   2 |   33.0 |
               +--------+--------+--------+--------+--------+-----+--------+

Top non-repeatable levels by time:
   Zot:4: 3266 daAuts
Vaults:4: 2591 daAuts
   Zot:3: 2296 daAuts
Depths:4: 2258 daAuts
Vaults:1: 2206 daAuts
   Zot:1: 2201 daAuts
 Snake:4: 2178 daAuts
  Lair:2: 2072 daAuts
  Lair:1: 2007 daAuts
Vaults:2: 1971 daAuts
   Zot:5: 1939 daAuts
     D:8: 1778 daAuts
 Snake:3: 1650 daAuts
Vaults:3: 1573 daAuts
     D:7: 1545 daAuts
